 Dungeon Crawl Stone Soup version 0.29.1-15-g9cfb28693d (webtiles) character file.

Game seed: 4127413440935579474

72 leafyfresh the Sneak (level 4, -10/33 HPs)
             Began as an Octopode Delver on Apr 19, 2023.
             Killed by divine providence
             ... invoked by an orc priest
              (13 damage)
             ... on level 3 of the Dungeon.
             The game lasted 00:01:33 (1171 turns).

leafyfresh the Sneak (Octopode Delver)              Turns: 1171, Time: 00:01:34

Health: -10/33     AC:  1    Str: 11    XL:     4   Next: 26%
Magic:  4/4        EV: 13    Int: 14    God:
Gold:   27         SH:  0    Dex: 13    Spells: 3/3 levels left

rFire   . . .      SeeInvis .   h - +3 mace
rCold   . . .      Faith    .   (no shield)
rNeg    . . .      Spirit   .   (helmet restricted)
rPois   .          Reflect  .   (no amulet)
rElec   .          Harm     .   (no ring)
rCorr   .          Rampage  .   (no ring)
Will    .....                   (no ring)
Stlth   ++++......              (no ring)
HPRegen 0.11/turn               (no ring)
MPRegen 0.09/turn               (no ring)
                                (no ring)
                                (no ring)

@: no status effects
A: almost no armour, amphibious, 8 rings, camouflage 1, gelatinous body 1,
(nimble swimmer 1), tentacles
a: no special abilities


You were on level 3 of the Dungeon.
You visited 1 branch of the dungeon, and saw 3 of its levels.

You collected 27 gold pieces.

Inventory:

Hand Weapons
 a - a +0 short sword
 g - a +0 arbalest
 h - a +3 mace (weapon)
Missiles
 j - 6 poisoned darts (quivered)
Armour
 i - the +0 leather armour of Sin {rC+ Str+2}
   (You found it on level 4 of the Dungeon)

   Str:       It affects your strength (+2).
   rC:        It protects you from cold.
Wands
 f - a wand of digging (3)
Scrolls
 b - a scroll of fog
 c - a scroll of magic mapping
 k - a scroll of butterflies {unknown}
 l - a scroll of noise {unknown}
 m - 2 scrolls of identify {unknown}
Potions
 e - 2 potions of haste
 n - a potion of curing {unknown}


   Skills:
 + Level 3.7 Fighting
 - Level 2.0 Short Blades
 + Level 3.0 Dodging
 + Level 7.4 Stealth


You had 3 spell levels left.
You didn't know any spells.
Your spell library contained the following spells:

 Spells                   Type           Power      Damage    Failure   Level
 Stone Arrow              Conj/Erth      0%         3d7       65%         3
 Lehudib's Crystal Spear  Conj/Erth      0%         10d2      100%        8
 Animate Armour           Summ/Erth      Unusable   N/A       N/A         4

Dungeon Overview and Level Annotations

Branches:
Dungeon (5/15)
 Temple: D:4-7

Altars:
Cheibriados
Yredelemnul


Innate Abilities, Weirdness & Mutations

You cannot wear most types of armour.
You are amphibious.
You can wear up to eight rings at the same time.
Your skin changes colour to match your surroundings (Stealth+).
Your rubbery body absorbs attacks. (AC +1, EV +1)
((You are camouflaged when in or above water. (Stealth+)))
You have tentacles for arms and can constrict up to eight enemies at once.


Message History

An orc comes into view. It is wielding a +0 flail.
An orc comes into view.
It is wielding a +0 falchion and quivering silver boomerangs.
The orc barely misses you.
Unknown command.
The orc attacks as you move away! The orc closely misses you.
The orc attacks as you move away! The orc barely misses you.
You see here a rat corpse.
You barely miss the orc. Your grab misses the orc. The orc misses you.
The orc hits you with a +0 hand axe.
You barely miss the orc. Your grab misses the orc. You squeeze the orc.
The orc is heavily wounded.
The orc shouts!
You hit the orc. You grab the orc. You squeeze the orc.
You kill the orc!
The orc misses you.
You hit the orc but do no damage. You grab the orc.
The orc is heavily wounded.
You constrict the orc. The orc hits you with a +0 hand axe.
You hit the orc.
You kill the orc!
The orc hits you with a +0 flail.
* * * LOW HITPOINT WARNING * * *
You hit the orc. You grab the orc. You squeeze the orc.
You kill the orc!
You sock the orc!
You kill the orc!
Your Dodging skill increases to level 3!
You hit the orc but do no damage. Your grab misses the orc.
The orc hits you with a +0 flail.
* * * LOW HITPOINT WARNING * * *
A worm comes into view.
An orc priest comes into view. It is wielding a +0 hand axe.
An orc comes into view. It is wielding a +0 short sword.
The orc priest shouts!
The orc shouts!
You hit the orc. Your grab misses the orc.
The orc is heavily wounded.
You hear an angry hiss.
The orc priest mumbles some strange prayers to Beogh against you.
Beogh smites you!
You die...

... .o. ...o #### .....
#.. >....# #.#
......###.#
....wo.#.o#####
.......ooJo@..####
.....########....######
... #.##.>....# #
#.#######....# #.# ...
#.# . #.# #.# ..#


You could see a worm, an orc priest, 4 orcs and an endoplasm.

Vanquished Creatures
  A jelly (D:4)
  Natasha (D:4)
  A worm (D:3)
  4 orcs (D:3)
  A ball python (D:4)
  An endoplasm (D:4)
  A giant cockroach (D:4)
  A goblin (D:4)
  A hobgoblin (D:4)
  A kobold (D:4)
  A rat (D:3)
14 creatures vanquished.

Vanquished Creatures (others)
  20 plants (D:3)
20 creatures vanquished.

Grand Total: 34 creatures vanquished

Notes
Turn   | Place    | Note
-------+----------+-------------------------------------------
     0 | D:5      | leafyfresh the Octopode Delver began the quest for the Orb.
     0 | D:5      | Reached XP level 1. HP: 16/16 MP: 1/1
    48 | D:4      | Identified the +0 leather armour of Sin {rC+ Str+2}
   175 | D:4      | Noticed a jelly
   180 | D:4      | Killed a jelly
   181 | D:4      | Reached skill level 7 in Stealth
   181 | D:4      | Reached XP level 2. HP: 15/21 MP: 2/2
   181 | D:4      | Reached XP level 3. HP: 19/26 MP: 3/3
   511 | D:4      | Found a basalt altar of Yredelemnul.
   512 | D:4      | Found a snail-covered altar of Cheibriados.
   512 | D:4      | Noticed an ogre
   556 | D:4      | Noticed Natasha
   564 | D:4      | Killed Natasha
   565 | D:4      | Reached XP level 4. HP: 29/33 MP: 4/4
   654 | D:4      | Noticed an ogre
  1171 | D:3      | Killed from afar by an orc priest

Illustrated notes

Levels and vault maps discovered:
D:3:      layout_rooms, amethyst_overflow_temple_binary,
          mainiacjoe_overflow_boulevard, chequers_ecumenical_altar_lobes,
          serial_shops, shop_coins, chequers_big_river
D:4:      layout_basic, jmf_multi_god_temple, kennysheep_generic_room_7,
          uniq_natasha
D:5:      cheibrodos_helix_gallery, layout_loops_ring

Skill      XL: |  1  2  3  4 |
---------------+-------------+-----
Stealth        | 7 |  7.4
Dodging        | 3 |  3.0
Fighting       | |  3.7
Short Blades   | |  2.0

Action                   |  1- 3 |  4- 6 || total
-------------------------+-------+-------++-------
Melee: Short sword       |     3 |       ||     3
       Mace              |     8 |    15 ||    23
       Tentacles         |     2 |     4 ||     6
       Constrict         |     1 |     4 ||     5
  Use: Scroll            |       |     1 ||     1
 Stab: Sleeping          |     3 |     1 ||     4
Dodge: Dodged            |     2 |     6 ||     8
